 Dungeon Crawl Stone Soup version 0.22.1-1-ga44c0e56f4 (webtiles) character file.

224 AlolanVulpixel the Slasher (level 6, 0/43 HPs)
             Began as an Octopode Fighter on Sept 19, 2018.
             Was a Follower of Dithmenos.
             Killed by divine providence
             ... invoked by an orc priest
              (8 damage)
             ... on level 4 of the Dungeon.
             The game lasted 00:11:10 (3755 turns).

AlolanVulpixel the Slasher (Octopode Fighter)       Turns: 3755, Time: 00:11:11

Health: 0/43       AC:  1    Str: 18    XL:     6   Next: 0%
Magic:  6/6        EV: 10    Int: 10    God:    Dithmenos [*.....]
Gold:   61         SH:  8    Dex: 11    Spells: 5/5 levels left

rFire    . . .     SeeInvis .   a - +0 long sword
rCold    . . .     Gourm    +   b - +0 shield
rNeg     . . .     Faith    .   (helmet restricted)
rPois    .         Spirit   .   k - amulet of the gourmand
rElec    .         Reflect  .   (no ring)
rCorr    .         Harm     .   (no ring)
MR       .....                  (no ring)
Stlth    +++.......             (no ring)
HPRegen  0.14/turn              (no ring)
MPRegen  0.10/turn              (no ring)
                                (no ring)
                                (no ring)

@: wreathed by umbra
A: almost no armour, stealthy swim, amphibious, 8 rings, constrict 8, camouflage
1, gelatinous body 1
a: Renounce Religion


You were on level 4 of the Dungeon.
You worshipped Dithmenos.
Dithmenos was aware of your devotion.
You were not hungry.

You visited 1 branch of the dungeon, and saw 4 of its levels.

You collected 61 gold pieces.

Inventory:

Hand Weapons
 a - a +0 long sword (weapon)
 h - a +8 club
Armour
 b - a +0 shield (worn)
Jewellery
 k - an amulet of the gourmand (around mantle)
Scrolls
 e - 2 scrolls of remove curse
 g - 3 scrolls of teleportation
 l - 4 scrolls of fear
Potions
 c - a potion of might
 f - 3 potions of degeneration
 i - a potion of curing
 j - 2 potions of ambrosia {unknown}
 m - a potion of heal wounds {unknown}
Comestibles
 d - 4 rations


   Skills:
 * Level 3.7(1.8) Fighting
 * Level 4.1(2.0) Long Blades
 * Level 3.8(1.9) Dodging
 + Level 2.1(1.0) Stealth
 + Level 3.6(1.8) Shields
 - Level 0.1(0.0) Spellcasting


You had 5 spell levels left.
You didn't know any spells.
Your spell library was empty.

Dungeon Overview and Level Annotations

Branches:
Dungeon (4/15)
 Temple: D:4-7

Altars:
Ashenzari
Dithmenos
Okawaru
Qazlal
Zin


Innate Abilities, Weirdness & Mutations

You cannot wear most types of armour.
You are very stealthy in the water. (Stealth+)
You are amphibious.
You can wear up to eight rings at the same time.
You can use your tentacles to constrict eight enemies at once.
Your skin changes colour to match your surroundings (Stealth+).
Your rubbery body absorbs attacks. (AC +1, EV +1)


Message History

The orc shouts!
You barely miss the orc. Your grab misses the orc. You squeeze the orc.
The orc is almost dead.
The orc hits you with a club.
The orc priest calls down the wrath of Beogh upon you.
Beogh smites you!
Your shield prevents you from hitting the orc.
Your grab misses the orc.
The orc is almost dead.
The orc completely misses you.
The orc priest calls down the wrath of Beogh upon you.
Pain shoots through your body!
The orc priest calls upon Beogh to heal the orc.
The orc is healed somewhat.
The orc priest invokes the aid of Beogh against you.
Beogh smites you!
* * * LOW HITPOINT WARNING * * *
The orc priest invokes the aid of Beogh against you.
Beogh smites you!
You die...

#.#.# #####.# #...######## #.#.#
#.....# #...#......# #.#.#
#####.###.# . #...#......# #.#.#
#.....# #.#
..##...#......###.#.###.#######.#
.....+.........................
#...#...............≈..####...
####...#...o......≈≈......# #...
...........oo.o.@.≈≈≈≈....# #.#.
####...#.......≈≈≈≈≈≈≈....# #.#.
#####.....≈≈≈≈≈≈≈≈.....# #.#.
#.....≈≈≈≈⌠>≈≈..≈.... ....
#####.≈≈≈≈_.≈≈≈...### # #.
....≈≈≈≈≈≈≈≈.. ###..≈≈≈≈≈≈≈≈..
...≈....≈≈≈..


You could see an orc priest and 3 orcs.

Vanquished Creatures
  Jessica (D:2)
  A worker ant (D:4)
  Robin (D:2)
  3 adders (D:2)
  An ooze (D:2)
  3 dart slugs
  5 leopard geckos
  14 orcs
  5 giant cockroaches
  19 goblins
  9 hobgoblins
  3 jackals (D:3)
  A quokka (D:2)
  A ball python (D:2)
  6 bats
  5 frilled lizards
  13 kobolds
  11 rats
102 creatures vanquished.

Notes
Turn   | Place    | Note
-------+----------+-------------------------------------------
     0 | D:1      | AlolanVulpixel the Octopode Fighter began the quest for the
                  | Orb.
     0 | D:1      | Reached XP level 1. HP: 16/16 MP: 1/1
   102 | D:1      | Reached XP level 2. HP: 10/21 MP: 2/2
   703 | D:1      | Reached XP level 3. HP: 26/26 MP: 3/3
   999 | D:2      | Found a faded altar of an unknown god.
  1002 | D:2      | Noticed Robin
  1202 | D:2      | Became a worshipper of Ashenzari the Shackled
  1202 | D:2      | Reached * piety under Ashenzari
  1209 | D:2      | Killed Robin
  1209 | D:2      | Reached skill level 3 in Long Blades
  1209 | D:2      | Reached skill level 1 in Stealth
  1209 | D:2      | Reached XP level 4. HP: 20/31 MP: 4/4
  1601 | D:2      | HP: 2/46 [poisoned by an adder]
  1608 | D:2      | HP: 1/46 [poisoned by an adder]
  1616 | D:2      | HP: 1/46 [poisoned by an adder]
  2051 | D:2      | Noticed Jessica
  2056 | D:2      | Killed Jessica
  2056 | D:2      | Reached XP level 5. HP: 36/36 MP: 5/5
  2321 | D:2      | Found a shadowy altar of Dithmenos.
  2326 | D:2      | Fell from the grace of Ashenzari
  2326 | D:2      | Became a worshipper of Dithmenos the Shadowed
  3191 | D:3      | Reached * piety under Dithmenos
  3192 | D:3      | Reached skill level 4 in Long Blades
  3373 | D:3      | Found a glowing silver altar of Zin.
  3540 | D:3      | Found an iron altar of Okawaru.
  3655 | D:4      | Reached XP level 6. HP: 40/43 MP: 6/6
  3729 | D:4      | Found a stormy altar of Qazlal.
  3755 | D:4      | Killed from afar by an orc priest

Skill      XL: |  1  2  3  4  5 |
---------------+----------------+-----
Long Blades    | 3 4 |  4.1
Stealth        | 1 2 |  2.1
Fighting       | |  3.7
Dodging        | |  3.8
Shields        | |  3.6
Spellcasting   | |  0.1

Action                   |  1- 3 |  4- 6 || total
-------------------------+-------+-------++-------
Melee: Long sword        |    65 |   113 ||   178
       Constrict         |    27 |    39 ||    66
       Tentacles         |    11 |    24 ||    35
Invok: Curse Item        |       |     2 ||     2
       Scrying           |       |     1 ||     1
  Use: Potion            |     2 |     5 ||     7
       Scroll            |     1 |     7 ||     8
 Stab: Sleeping          |     5 |     9 ||    14
  Eat: Ration            |     1 |     2 ||     3
Armor: Skin              |     5 |     4 ||     9
Dodge: Dodged            |    37 |    53 ||    90
Block: Shield            |    26 |    53 ||    79
       Rpst.: Long sword |    19 |    19 ||    38
